 Dungeon Crawl Stone Soup version 0.31-a0-240-gb923e448b6 (webtiles) character file.

Game seed: 1725209328439147242

1202 qw the Skirmisher (level 8, 0/49 HPs)
             Began as a Gargoyle Hexslinger on July 11, 2023.
             Slain by a gnoll
             ... wielding a +0 halberd
             ... led by a gnoll bouda
              (12 damage)
             ... on level 6 of the Dungeon.
             The game lasted 00:01:30 (3396 turns).

qw the Skirmisher (Gargoyle Hexslinger)             Turns: 3396, Time: 00:01:30

Health: 0/49       AC: 14    Str: 13    XL:     8   Next: 44%
Magic:  9/9        EV: 12    Int: 16    God:
Gold:   223        SH:  0    Dex: 14    Spells: 8/9 levels left

rFire   + . .        l - +5 sling of Exquisite Death {flame, Int+3}
rCold   . . .        (no shield)
rNeg    + . .        m - +2 leather armour {rF+}
rPois   inf          c - +0 helmet
rElec   +            j - +0 cloak
rCorr   .            (no gloves)
SInv    .            n - +1 pair of boots
Will    +....        (no amulet)
Stlth   +            r - ring of willpower
HPRegen 0.28/turn    (no ring)
MPRegen 0.11/turn

%: no passive effects
@: about to teleport
A: sickness immunity, AC +5, negative energy resistance 1, electricity
resistance, torment resistance 1, petrification resistance
a: no special abilities


You were on level 6 of the Dungeon.
You visited 1 branch of the dungeon, and saw 6 of its levels.

You collected 346 gold pieces.
You spent 123 gold pieces at shops.


Innate Abilities, Weirdness & Mutations

You are immune to sickness and miasma.
Your stone body is resilient. (AC +5)
You are immune to poison.
You resist negative energy. (rN+)
You are resistant to electric shocks. (rElec)
You are resistant to unholy torment.
You are immune to petrification.


   Skills:
 - Level 5.1 Fighting
 + Level 8.7 Ranged Weapons
 - Level 1.1 Armour
 - Level 2.0 Dodging
 - Level 1.0 Spellcasting
 - Level 2.6 Hexes


You had 8 spell levels left.
You knew the following spells:

 Your Spells              Type           Power      Damage    Failure   Level
a - Slow                  Hex            36%        N/A       10%         1

Your spell library contained the following spells:

 Spells                   Type           Power      Damage    Failure   Level
 Inner Flame              Hex/Fire       5%         N/A       45%         3
 Portal Projectile        Hex/Tloc       10%        N/A       45%         3
 Cause Fear               Hex            4%         N/A       67%         4

Inventory:

Hand Weapons
 l - the +5 sling of Exquisite Death (weapon) {flame, Int+3}
   (You found it on level 2 of the Dungeon)

   Int:       It affects your intelligence (+3).
Armour
 c - a +0 helmet (worn)
 j - a +0 cloak (worn)
 m - a +2 leather armour of fire resistance (worn)
 n - a +1 pair of boots (worn)
 q - the +0 robe of Theory {Dex+4}
   (You found it on level 3 of the Dungeon)

   Dex:       It affects your dexterity (+4).
Jewellery
 k - a ring of ice
 r - a ring of willpower (left hand)
Scrolls
 a - a scroll of teleportation
 Y - 2 scrolls of identify
Potions
 b - a potion of cancellation
 d - a potion of mutation
 e - 5 potions of curing
 f - 3 potions of might
 h - a potion of haste

Dungeon Overview and Level Annotations

Branches:
Dungeon (6/15)
 Temple: D:4-7

Altars:
Zin

Shops:
D:1 :   D:3 *   D:4 !


Message History

You shoot a sling bullet.
The sling bullet barely misses the gnoll bouda.
The sling bullet barely misses the gnoll.
The gnoll hits you from afar with a +0 halberd.
The gnoll bouda hits you but does no damage.
The gnoll hits you but does no damage.
You shoot a sling bullet. The sling bullet hits the gnoll bouda.
The sling bullet burns the gnoll bouda.
The gnoll bouda is heavily wounded.
The gnoll closely misses you. The gnoll hits you but does no damage.
You shoot a sling bullet.
The sling bullet hits the gnoll bouda but does no damage.
The gnoll bouda is heavily wounded.
The gnoll hits you but does no damage.
The gnoll bouda calls upon its god to heal the gnoll.
The gnoll's wounds heal themselves!
The gnoll hits you but does no damage.
You shoot a sling bullet.
The sling bullet hits the gnoll bouda but does no damage.
The gnoll bouda is heavily wounded.
The gnoll barely misses you.
The gnoll bouda hits you with a +0 whip.
The gnoll hits you but does no damage.
You shoot a sling bullet. The sling bullet hits the gnoll bouda!
The sling bullet burns the gnoll bouda.
You kill the gnoll bouda!
The gnoll hits you but does no damage. x2
You shoot a sling bullet.
The sling bullet barely misses the gnoll.
Your attacks no longer feel as feeble.
The gnoll hits you from afar with a +0 halberd!
The gnoll barely misses you.
You shoot a sling bullet.
The sling bullet barely misses the gnoll.
The gnoll hits you from afar with a +0 halberd.
The gnoll completely misses you.
3396 ||| READING 2 scrolls of teleportation.
As you read the scroll of teleportation, it crumbles to dust.
You feel strangely unstable.
The gnoll hits you from afar with a +0 halberd!
You die...

#...(.#.####.##..##
######....###........
......................
..########.##.......#
#.###......###
#.............
#.###......##
####...).g..#.#
.......@.g)...#
####.####..##.# #
......# gg.#.#.#
....#.# .# .....#.# #
.####.# . #. #.# #


You could see 2 gnolls.

Vanquished Creatures
  2 yaks (D:6)
  4 scorpions
  4 orc priests
  2 hounds (D:5)
  A gnoll bouda (D:6)
  6 iguanas
  4 orc wizards
  6 gnolls
  8 adders
  A worm (D:4)
  3 dart slugs
  17 orcs
  7 endoplasms
  4 giant cockroaches
  2 goblins (D:3)
  6 hobgoblins
  7 jackals
  3 quokkas
  7 ball pythons
  3 frilled lizards
  4 kobolds
  4 rats
105 creatures vanquished.

Notes
Turn   | Place    | Note
-------+----------+-------------------------------------------
     0 | D:1      | qw the Gargoyle Hexslinger began the quest for the Orb.
     0 | D:1      | Reached XP level 1. HP: 12/12 MP: 2/2
     0 | D:1      | 0 ||| qw: Version: 0.3-a-52-g30416fa
     0 | D:1      | 0 ||| qw: Game counter: 5984
     0 | D:1      | 0 ||| qw: Melee chars always use a shield: true
     0 | D:1      | 0 ||| qw: God list: Okawaru
     0 | D:1      | 0 ||| qw: Allow faded altars: false
     0 | D:1      | 0 ||| qw: Do Orc after clearing Dungeon:15 true
     0 | D:1      | 0 ||| qw: Do second Lair branch before Depths: true
     0 | D:1      | 0 ||| qw: Lair rune preference: random
     0 | D:1      | 0 ||| qw: Goals: Normal
     0 | D:1      | 0 ||| PLANNING D:1-11
   196 | D:1      | Reached XP level 2. HP: 16/16 MP: 3/3
   339 | D:1      | Found Evehi's Vocational Training.
   353 | D:1      | Reached skill level 3 in Ranged Weapons
   457 | D:1      | 457 ||| READING 2 scrolls labelled GISHRE LUJE.
   462 | D:1      | 462 ||| DRINKING 2 emerald potions.
   463 | D:1      | 463 ||| DRINKING 2 orange potions.
   464 | D:1      | 464 ||| DROPPING scroll of poison.
   473 | D:2      | Found a faded altar of an unknown god.
   584 | D:2      | Identified the +5 sling of Exquisite Death {flame, Int+3}
   586 | D:2      | 586 ||| SWAPPING to +5 sling of Exquisite Death {flame,
                  | Int+3}.
   587 | D:2      | 587 ||| DROPPING +1 sling.
  1003 | D:2      | 1003 ||| UPGRADING to +0 leather armour.
  1013 | D:2      | 1013 ||| DROPPING +0 robe.
  1014 | D:2      | 1014 ||| UPGRADING to +1 pair of boots.
  1019 | D:2      | 1019 ||| READING scroll labelled HIMMA SYXZA.
  1020 | D:2      | 1020 ||| READING scroll labelled OPIRPH OFFOLI.
  1021 | D:2      | 1021 ||| DRINKING 4 cyan potions.
  1052 | D:3      | Reached XP level 3. HP: 21/21 MP: 4/4
  1261 | D:3      | Found Qimaorig's Assorted Antiques.
  1266 | D:3      | Reached XP level 4. HP: 26/26 MP: 5/5
  1276 | D:3      | 1276 ||| BUYING metallic silvery potion (20 gold).
  1276 | D:3      | Bought a metallic silvery potion for 20 gold pieces
  1276 | D:3      | 1276 ||| SHOPLISTING scratched iron ring (115 gold, have
                  | 77).
  1276 | D:3      | 1276 ||| BUYING scroll labelled VAOBRA IBBORISUIG (23
                  | gold).
  1276 | D:3      | Bought a scroll labelled VAOBRA IBBORISUIG for 23 gold
                  | pieces
  1276 | D:3      | 1276 ||| SHOPLISTING sharpened iron wand (92 gold, have
                  | 54).
  1287 | D:3      | Reached skill level 4 in Ranged Weapons
  1301 | D:3      | Identified the +0 robe of Theory {Dex+4}
  1471 | D:3      | 1471 ||| UPGRADING to +0 ring mail.
  1481 | D:3      | 1481 ||| DROPPING +0 leather armour.
  1482 | D:3      | 1482 ||| UPGRADING to +0 robe of Theory {Dex+4}.
  1492 | D:3      | 1492 ||| DROPPING +0 ring mail.
  1493 | D:3      | 1493 ||| READING scroll labelled MEPLET ZASS.
  1494 | D:3      | 1494 ||| READING 2 scrolls labelled VAOBRA IBBORISUIG.
  1495 | D:3      | 1495 ||| DRINKING 2 metallic silvery potions.
  1496 | D:3      | 1496 ||| DROPPING potion of degeneration.
  1575 | D:4      | Reached XP level 5. HP: 25/30 MP: 6/6
  1602 | D:4      | Reached skill level 5 in Ranged Weapons
  1642 | D:4      | Found Woxt's Distillery.
  1653 | D:4      | Reached skill level 3 in Fighting
  1696 | D:4      | 1696 ||| BUYING potion of cancellation (80 gold).
  1696 | D:4      | Bought a potion of cancellation for 80 gold pieces
  1696 | D:4      | 1696 ||| SHOPLISTING potion of enlightenment (50 gold, have
                  | 15).
  1696 | D:4      | 1696 ||| SHOPLISTING potion of haste (100 gold, have 15).
  1696 | D:4      | 1696 ||| SHOPLISTING potion of might (40 gold, have 15).
  1785 | D:4      | Reached XP level 6. HP: 37/37 MP: 7/7
  1892 | D:4      | Found a glowing silver altar of Zin.
  2058 | D:4      | 2058 ||| Stepping ~*~*~tactically~*~*~ (outnumbered).
  2060 | D:4      | 2060 ||| Stepping ~*~*~tactically~*~*~ (outnumbered).
  2061 | D:4      | 2061 ||| Stepping ~*~*~tactically~*~*~ (outnumbered).
  2063 | D:4      | 2063 ||| Stepping ~*~*~tactically~*~*~ (outnumbered).
  2076 | D:4      | Reached skill level 6 in Ranged Weapons
  2081 | D:4      | 2081 ||| FLEEEEING.
  2082 | D:4      | 2082 ||| FLEEEEING.
  2083 | D:4      | 2083 ||| FLEEEEING.
  2084 | D:4      | 2084 ||| FLEEEEING.
  2085 | D:4      | 2085 ||| FLEEEEING.
  2086 | D:4      | 2086 ||| FLEEEEING.
  2371 | D:4      | 2371 ||| UPGRADING to +0 helmet.
  2376 | D:4      | 2376 ||| UPGRADING to +0 cloak.
  2381 | D:4      | 2381 ||| UPGRADING to +2 leather armour of fire resistance.
  2391 | D:4      | 2391 ||| DROPPING amulet of magic regeneration.
  2392 | D:4      | 2392 ||| UPGRADING to ring of willpower.
  2393 | D:4      | 2393 ||| DRINKING 2 fizzy purple potions.
  2394 | D:4      | 2394 ||| READING 2 scrolls of identify.
  2394 | D:4      | 2394 ||| IDENTIFYING ruby potion
  2413 | D:5      | Entered Level 5 of the Dungeon
  2489 | D:5      | Reached skill level 1 in Armour
  2669 | D:5      | Reached XP level 7. HP: 33/43 MP: 8/8
  3028 | D:5      | Reached skill level 7 in Ranged Weapons
  3165 | D:5      | 3165 ||| DRINKING 2 white potions.
  3190 | D:5      | 3190 ||| READING 3 scrolls of identify.
  3190 | D:5      | 3190 ||| IDENTIFYING metallic puce potion
  3191 | D:5      | 3191 ||| DROPPING potion of attraction.
  3192 | D:5      | 3192 ||| DROPPING potion of lignification.
  3220 | D:6      | Noticed a yak
  3222 | D:6      | Noticed a yak
  3227 | D:6      | Noticed a yak
  3234 | D:6      | Killed a yak
  3235 | D:6      | Reached skill level 8 in Ranged Weapons
  3235 | D:6      | Reached XP level 8. HP: 25/48 MP: 9/9
  3240 | D:6      | HP: 6/48 [yak (7)]
  3241 | D:6      | 3241 ||| READING 3 scrolls of teleportation.
  3242 | D:6      | 3242 ||| DRINKING potion of heal wounds.
  3243 | D:6      | Killed a yak
  3370 | D:6      | 3370 ||| Stepping ~*~*~tactically~*~*~ (outnumbered).
  3377 | D:6      | 3377 ||| Stepping ~*~*~tactically~*~*~ (outnumbered).
  3379 | D:6      | 3379 ||| Stepping ~*~*~tactically~*~*~ (outnumbered).
  3395 | D:6      | HP: 12/49 [gnoll/+0 halberd[a gnoll bouda] (2)]
  3396 | D:6      | 3396 ||| READING 2 scrolls of teleportation.
  3396 | D:6      | Slain by a gnoll

Levels and vault maps discovered:
D:1:      amcnicky_arrival_single_pillar, layout_basic, nicolae_shop_vocational
D:2:      layout_loops_ring, nicolae_ecumenical_pavilion
D:3:      layout_basic, serial_shops, shop, feat_on_display
D:4:      layout_loops_ring, amcnicky_altar_gilded, kennysheep_windowed_goal
D:5:      layout_loops_ring, kennysheep_decorative_pillar, nicolae_the_louvre
D:6:      layout_basic, grunt_ministairs_14, nrook_mini_backslash,
          kennysheep_big_empty_room, uniq_duvessa

Skill      XL: |  1  2  3  4  5  6  7  8 |
---------------+-------------------------+-----
Ranged Weapons | 3 4 5 6 8 |  8.7
Fighting       | 2 3 4 5 |  5.1
Armour         | 1 |  1.1
Dodging        | 2 |  2.0
Spellcasting   | |  1.0
Hexes          | |  2.6

Action                     |  1- 3 |  4- 6 |  7- 9 || total
---------------------------+-------+-------+-------++-------
   Fire: Sling             |    68 |   139 |    95 ||   302
    Use: Scroll            |     3 |     3 |     3 ||     9
         Potion            |     3 |     2 |     2 ||     7
 Armour: Robe              |     2 |    17 |       ||    19
         Leather armour    |       |     7 |    37 ||    44
  Dodge: Dodged            |    13 |    28 |    50 ||    91

Table legend:
 A = Non-vault XP
 B = Vault XP
 C = Vault XP percentage of total XP
 D = Non-vault monster count
 E = Vault monster count
 F = Vault count percentage of total count
                 A         B        C        D         E       F
            +---------+---------+-------+---------+---------+-------
      Total |    1689 |      29 |   1.7 |     102 |       3 |   2.9
            +---------+---------+-------+---------+---------+-------
        D:1 |      22 |       0 |   0.0 |      14 |       0 |   0.0
        D:2 |      10 |       0 |   0.0 |       5 |       0 |   0.0
        D:3 |     123 |       0 |   0.0 |      27 |       0 |   0.0
        D:4 |     274 |      29 |   9.6 |      25 |       3 |  10.7
        D:5 |     474 |       0 |   0.0 |      12 |       0 |   0.0
        D:6 |     786 |       0 |   0.0 |      19 |       0 |   0.0
            +---------+---------+-------+---------+---------+-------
